 Dungeon Crawl Stone Soup version 0.21.0-3-g78d12a8 (webtiles) character file.

48 inmateoo the Firebug (level 3, -3/24 HPs)
             Began as a Demonspawn Fire Elementalist on Jan 11, 2018.
             Slain by a gnoll
             ... wielding a +0 halberd
              (6 damage)
             ... on level 2 of the Dungeon.
             The game lasted 00:04:01 (1764 turns).

inmateoo the Firebug (Demonspawn Fire Elementalist) Turns: 1764, Time: 00:04:01

Health: -3/24      AC:  2    Str:  8    XL:     3   Next: 50%
Magic:  0/6        EV: 12    Int: 17    God:
Gold:   10         SH:  4    Dex: 13    Spells: 3/6 levels left

rFire    . . .     SeeInvis .   g - +2 mace (protect)
rCold    . . .     Gourm    .   (no shield)
rNeg     . . .     Faith    .   a - +0 robe
rPois    .         Spirit   .   (no helmet)
rElec    .         Reflect  .   (no cloak)
rCorr    .         Harm     .   (no gloves)
MR       .....                  (no boots)
Stlth    ++........             i - amulet of inaccuracy (curse)
HPRegen  0.08/turn              (no ring)
MPRegen  0.10/turn              (no ring)

@: very slightly contaminated
A: claws 1, large bone plates 1
a: no special abilities


You were on level 2 of the Dungeon.
You were not hungry.

You visited 1 branch of the dungeon, and saw 2 of its levels.

You collected 10 gold pieces.

Inventory:

Hand Weapons
 g - a +2 mace of protection (weapon)
Missiles
 f - 5 javelins (quivered)
Armour
 a - a +0 robe (worn)
Jewellery
 i - a cursed amulet of inaccuracy (around neck)
Books
 b - a book of Flames

   Spells                             Type                      Level
   a - Flame Tongue                   Conjuration/Fire             1
   b - Throw Flame                    Conjuration/Fire             2
   c - Conjure Flame                  Conjuration/Fire             3
   d - Inner Flame                    Hexes/Fire                   3
   e - Sticky Flame                   Conjuration/Fire             4
   f - Fireball                       Conjuration/Fire             5
Comestibles
 c - 2 rations
 d - a chunk of flesh


   Skills:
 - Level 1.7 Dodging
 - Level 1.7 Stealth
 - Level 2.0 Spellcasting
 - Level 1.0 Conjurations
 * Level 4.1 Fire Magic


You had 3 spell levels left.
You knew the following spells:

 Your Spells              Type           Power        Failure   Level  Hunger
a - Flame Tongue          Conj/Fire      ##...        7%          1    #......
b - Throw Flame           Conj/Fire      ##....       10%         2    ###....


Dungeon Overview and Level Annotations

Branches:
Dungeon (2/15)

Altars:
Trog


Innate Abilities, Weirdness & Mutations

You have sharp fingernails.
You are partially covered in large bone plates. (SH +4)


Message History

Press: ? - help, Shift-Dir - straight line, f/p - gnoll
Aim: a gnoll, wielding a halberd (almost dead)
You miscast Flame Tongue.
You are very lightly contaminated with residual magic.
Your skin tingles.
The gnoll hits you from afar with a halberd!
Ouch! That really hurt!
The gnoll barely misses you.
You see here a hand axe.
There is a stone staircase leading up, spattered with blood here.
Casting: Flame Tongue
Confirm with . or Enter, or press ? or * to list all spells.
Aiming: Flame Tongue
Press: ? - help, Shift-Dir - straight line, f/p - gnoll
Aim: a gnoll, wielding a halberd (almost dead)
You miscast Flame Tongue.
Nothing appears to happen.
The gnoll hits you from afar with a halberd!
* * * LOW HITPOINT WARNING * * *
The gnoll hits you from afar with a halberd.
You die...

#.....# .# #...........
#.....# .# ####....._.#
####'## #.# ##..##...# #.#
#.# ###...###.## #.#
#.#.......###...
#.######.#.####........
#.#.........# #........
#.#......#..# #.##.####
#.#...@..# ..#.##..g
#.#.....g######.### ...
#.#.##+#......#g# #...
#.#.##.#..###.#.# ##...
####'#....#).# #...# #....
#.......###..#########....
#.......'............#....
#.......############.#....
#.......# #.#....


You could see a gnoll.

Vanquished Creatures
  A gnoll (D:2)
  An adder (D:1)
  4 leopard geckos
  A ball python (D:2)
  A giant cockroach (D:2)
  2 goblins (D:1)
  5 hobgoblins
  2 bats (D:1)
  3 kobolds (D:1)
  5 rats
25 creatures vanquished.

Notes
Turn   | Place    | Note
-------+----------+-------------------------------------------
     0 | D:1      | inmateoo the Demonspawn Fire Elementalist began the quest for the Orb.
     0 | D:1      | Reached XP level 1. HP: 13/13 MP: 3/3
   241 | D:1      | Reached skill level 3 in Fire Magic
   561 | D:1      | Gained mutation: You have sharp fingernails. [demonic ancestry]
   561 | D:1      | Reached XP level 2. HP: 9/19 MP: 3/5
   908 | D:1      | Learned a level 2 spell: Throw Flame
  1142 | D:1      | Gained mutation: You are partially covered in large bone plates. (SH +4) [demonic ancestry]
  1142 | D:1      | Reached XP level 3. HP: 7/24 MP: 2/6
  1478 | D:2      | Found a bloodstained altar of Trog.
  1571 | D:2      | Reached skill level 4 in Fire Magic
  1764 | D:2      | Slain by a gnoll

Skill      XL: |  1  2  3 |
---------------+----------+-----
Fire Magic     | 3 4 |  4.1
Dodging        | |  1.7
Stealth        | |  1.7
Spellcasting   | |  2.0
Conjurations   | |  1.0

Action                   || total
-------------------------++-------
Melee: Mace              ||    19
       Unarmed           ||    19
 Cast: Flame Tongue      ||    47
       Throw Flame       ||     7
  Use: Scroll            ||     3
       Potion            ||     1
  Eat: Chunk             ||     4
Armor: Robe              ||    13
       Skin              ||    21
Dodge: Dodged            ||    33
Block: Other             ||     4
